 Dungeon Crawl Stone Soup version 0.25-a0-1130-g3926558f3a (webtiles) character file.

Game seed: 8859884776114688339, levelgen mode: deterministic

1595 Vilnix42 the Ruffian (level 8, -1/100 HPs)
             Began as a Grey Draconian Transmuter on May 19, 2020.
             Was a Priest of Wu Jian.
             Succumbed to a worker ant's poison
             ... on level 6 of the Dungeon.
             The game lasted 00:49:08 (10000 turns).

Vilnix42 the Ruffian (Grey Draconian Transmuter)   Turns: 10000, Time: 00:49:09

Health: -1/100     AC: 31    Str: 14    XL:     8   Next: 62%
Magic:  13/14      EV:  2    Int: 14    God:    Wu Jian [***...]
Gold:   282        SH:  5    Dex: 12    Spells: 7/15 levels left

rFire    . . .     SeeInvis .   w - +2 flail (protect)
rCold    . . .     Gourm    .   (no shield)
rNeg     + + +     Faith    .   (armour unavailable)
rPois    +         Spirit   .   (helmet currently unavailable)
rElec    .         Reflect  +   (cloak currently unavailable)
rCorr    .         Harm     .   (gloves currently unavailable)
MR       .....     NoTele   +   (boots currently unavailable)
Stlth    +.........             g - amulet of reflection
HPRegen  0.26/turn              (no ring)
MPRegen  0.14/turn              (no ring)

@: lethally poisoned (-1 -> -21), tree-form, protection aura, hasted, very quick
A: (walk through water), unfitting armour, AC +11
a: Wall Jump, Serpent's Lash, Renounce Religion


You were on level 6 of the Dungeon.
You worshipped Wu Jian.
Wu Jian was most pleased with you.
You were not hungry.
You were a tree.
You visited 2 branches of the dungeon, and saw 8 of its levels.

You collected 282 gold pieces.

Inventory:

Hand Weapons
 w - a +2 flail of protection (weapon)
Missiles
 a - 126 arrows
 j - 27 stones
 m - 6 poisoned darts (quivered)
 n - 3 boomerangs
 t - a javelin
 u - 8 datura-tipped darts
Armour
 f - a +0 naga barding
 h - a +1 pair of boots (melded)
Jewellery
 g - an amulet of reflection (around neck)
Wands
 o - a wand of acid (15)
 s - a wand of disintegration (35)
Scrolls
 k - 2 scrolls of teleportation
 r - a scroll of identify
 x - 2 scrolls of amnesia {unknown}
Potions
 b - 2 potions of might
 d - a potion of experience {unknown}
 i - 3 potions of stabbing
 l - 3 potions of magic
 p - 3 potions of lignification
 q - a potion of flight {unknown}
Comestibles
 c - 16 rations
 v - a chunk of flesh


   Skills:
 + Level 4.6 Fighting
 + Level 0.2 Maces & Flails
 + Level 1.6 Throwing
 + Level 4.6 Dodging
 + Level 0.5 Stealth
 + Level 7.1 Unarmed Combat
 + Level 4.0 Spellcasting
 + Level 4.3 Transmutations


You had 7 spell levels left.
You knew the following spells:

 Your Spells              Type           Power        Failure   Level  Hunger
a - Beastly Appendage     Tmut           ##....       3%          1    None
b - Blade Hands           Tmut           ##........   65%         5    ######.
c - Sticks to Snakes      Tmut           ##......     4%          2    ##.....

Your spell library contained the following spells:

 Spells                   Type           Power        Failure   Level  Hunger
 Animate Skeleton         Necr           N/A          19%         1    None
 Pain                     Necr           #...         19%         1    None
 Spider Form              Tmut/Pois      #.........   24%         3    ###....
 Vampiric Draining        Necr           #.........   50%         3    ###....
 Ice Form                 Ice/Tmut       #.......     61%         4    ####...
 Animate Dead             Necr           N/A          88%         4    ####...
 Agony                    Necr           #.......     99%         5    ######.


Dungeon Overview and Level Annotations

Branches:
Dungeon (7/15)             Temple (1/1) D:4

Altars:
Ashenzari
Cheibriados
Dithmenos
Elyvilon
Fedhas
Gozag
Hepliaklqana
Kikubaaqudgha
Makhleb
Nemelex Xobeh
Okawaru
Qazlal
Ru
Trog
Uskayaw
Vehumet
Wu Jian
Xom
Yredelemnul
Zin
The Shining One

Annotations:
D:2 Crazy Yiuf
D:7 Dowan, Duvessa


Innate Abilities, Weirdness & Mutations

((You can walk through water.))
((Your dull iron-grey scales are very hard. (AC +11)))
You cannot fit into any form of body armour.
((You can survive without breathing.))
((You are cold-blooded and may be slowed by cold attacks.))


Message History

Really quaff the potion of lignification? [Y]es or [N]o only, please.
Really quaff the potion of lignification?
You turn into a tree.
Your +1 pair of boots melds into your body.
Your roots penetrate the ground.
You feel strangely stable.
* * * LOW HITPOINT WARNING * * *
You feel sick.
The killer bee stings you but does no damage.
You block the worker ant's attack.
You hit the worker ant but do no damage.
The worker ant is lightly wounded.
* * * LOW HITPOINT WARNING * * *
You feel sick. You block the killer bee's attack.
The iguana bites you but does no damage.
The killer bee stings you but does no damage.
You block the worker ant's attack.
You hit the worker ant.
The worker ant is lightly wounded.
You die...

#..##.......
#######......##..#
#.........#.###..#
#.#####.#.........
#.# #..........#
#.# ##.######...
#.# #.######...
#y## #.##.......
#♣a# #.##.#.##.#
##l# #.##.#.##.#
#y# #.##.#.##.#
#.#####.##.#.##.#
#.#........#.##.#
#.#.###.####.##.#
#.#.# #.# #.##.#
#.#.###.# #.##.#
#.......# #.....


You could see an iguana, a worker ant and 2 killer bees.

Vanquished Creatures
  The ghost of Amnesiac the Cutter, a novice DEFi (D:6)
  Edmund (D:6)
  2 ice beasts
  2 centaurs (D:6)
  2 howler monkeys (D:5)
  A crimson imp (D:5)
  2 orc priests (D:6)
  A hound (D:6)
  3 orc wizards
  Jessica (D:2)
  2 centaur skeletons
  2 iguanas
  Terence (D:3)
  8 worker ants
  A hound skeleton (D:6)
  13 adders
  2 oozes
  An adder zombie (D:6)
  An adder skeleton (D:5)
  2 worms (D:3)
  A dart slug (D:3)
  4 leopard geckos
  15 orcs
  A ball python (D:1)
  8 giant cockroaches
  7 goblins
  9 hobgoblins
  9 jackals
  6 kobolds
  3 quokkas
  7 bats
  7 frilled lizards
  A quokka skeleton (D:6)
  11 rats
138 creatures vanquished.

Notes
Turn   | Place    | Note
-------+----------+-------------------------------------------
     0 | D:1      | Vilnix42 the Draconian Transmuter began the quest for the
                  | Orb.
     0 | D:1      | Reached XP level 1. HP: 16/16 MP: 3/3
   413 | D:1      | Reached XP level 2. HP: 23/23 MP: 5/5
  1236 | D:2      | Reached XP level 3. HP: 27/29 MP: 6/6
  2368 | D:2      | Found a faded altar of an unknown god.
  2391 | D:2      | Noticed Jessica
  2396 | D:2      | Killed Jessica
  2396 | D:2      | Reached skill level 4 in Unarmed Combat
  2396 | D:2      | Reached XP level 4. HP: 32/36 MP: 7/7
  2430 | D:2      | Became a worshipper of the Wu Jian Council
  2430 | D:2      | Reached * piety under Wu Jian
  2794 | D:2      | Found a runed translucent door.
  2795 | D:2      | Noticed Crazy Yiuf
  3402 | D:3      | Noticed Terence
  3566 | D:3      | Killed Terence
  3566 | D:3      | Reached XP level 5. HP: 23/41 MP: 8/8
  4848 | D:3      | Reached skill level 1 in Throwing
  4961 | D:3      | Learned a level 5 spell: Blade Hands
  5870 | D:4      | Reached XP level 6. HP: 29/50 MP: 9/9
  6213 | D:4      | Found a staircase to the Ecumenical Temple.
  6223 | Temple   | Entered the Ecumenical Temple
  6486 | D:4      | Reached ** piety under Wu Jian
  6622 | D:4      | Learned a level 2 spell: Sticks to Snakes
  6959 | D:5      | Entered Level 5 of the Dungeon
  7041 | D:5      | Reached skill level 5 in Unarmed Combat
  7082 | D:5      | HP: 2/50 [poisoned by a worker ant]
  7484 | D:5      | Noticed an ice beast
  7751 | D:5      | Killed an ice beast
  7751 | D:5      | Your scales start taking on a dull iron-grey colour.
  7751 | D:5      | Reached XP level 7. HP: 27/57 MP: 11/11
  7751 | D:5      | Gained mutation: You can survive without breathing. [Grey
                  | Draconian growth]
  9033 | D:6      | Found a runed translucent door.
  9035 | D:6      | Noticed Amnesiac's ghost (novice DEFi)
  9064 | D:6      | Killed Amnesiac's ghost
  9064 | D:6      | Reached skill level 6 in Unarmed Combat
  9064 | D:6      | Reached XP level 8. HP: 57/66 MP: 13/13
  9428 | D:6      | Reached *** piety under Wu Jian
  9639 | D:6      | Noticed Edmund
  9659 | D:6      | Killed Edmund
  9865 | D:6      | Reached skill level 7 in Unarmed Combat
  9961 | D:7      | Noticed Duvessa
  9962 | D:7      | Noticed Dowan
  9997 | D:6      | HP: 3/67 [poisoned by a killer bee]
  9999 | D:6      | HP: 1/100 [poisoned by a worker ant]
 10000 | D:6      | Succumbed to a worker ant's poison

Illustrated notes

Levels and vault maps discovered:
D:1:      dpeg_arrival_boxes_within_box, layout_loops_ring
D:2:      layout_rooms, chequers_ecumenical_altar_simple, first_ration,
          uniq_jessica, uniq_crazy_yiuf_cottage
D:3:      minmay_door_path, layout_loops_ring, serial_glass, glass_columns_c,
          glass_columns_b, uniq_terence
D:4:      layout_basic, minmay_temple_entry_arrows, portal_sewer_entry_f
D:5:      layout_basic, due_unseen_surprise
D:6:      layout_loops_ring, ebering_ghost_reflecting_pool, uniq_edmund
D:7:      layout_cave_pods, grunt_livestock, minmay_misc_feat_rugged,
          fedhas_ov_isle_minmay, uniq_duvessa
Temple:   compressed_dpeg_circular_temple

Skill      XL: |  1  2  3  4  5  6  7  8 |
---------------+-------------------------+-----
Dodging        | 2 3 4 |  4.6
Unarmed Combat | 4 5 6 7 |  7.1
Fighting       | 2 3 4 |  4.6
Throwing       | 1 |  1.6
Transmutations | 3 4 |  4.3
Spellcasting   | 3 4 |  4.0
Maces & Flails | |  0.2
Stealth        | |  0.5

Action                   |  1- 3 |  4- 6 |  7- 9 || total
-------------------------+-------+-------+-------++-------
Melee: Unarmed           |   180 |   351 |   229 ||   760
       Tailslap          |    15 |    36 |    22 ||    73
       Punch             |     1 |     5 |     8 ||    14
       Headbutt          |       |     2 |     3 ||     5
       Flail             |       |       |    23 ||    23
Throw: Stone             |    17 |    31 |    25 ||    73
       Javelin           |       |    34 |    10 ||    44
       Dart              |       |       |    15 ||    15
 Cast: Beastly Appendage |       |     2 |     2 ||     4
       Sticks to Snakes  |       |       |     3 ||     3
Invok: Whirlwind         |       |    18 |    12 ||    30
       Lunge             |       |     8 |     8 ||    16
 Abil: Wall Jump         |       |     1 |       ||     1
  Use: Scroll            |     3 |     6 |     3 ||    12
       Potion            |     2 |     5 |     3 ||    10
 Stab: Sleeping          |     1 |     1 |       ||     2
       Distracted        |       |     1 |       ||     1
  Eat: Chunk             |     3 |     6 |     7 ||    16
       Ration            |     1 |     3 |       ||     4
Armor: Skin              |    53 |    49 |    88 ||   190
Dodge: Dodged            |   117 |   147 |   146 ||   410
Block: Other             |    54 |    68 |    56 ||   178
       Reflection        |     1 |       |     1 ||     2

Table legend:
 A = Non-vault XP
 B = Vault XP
 C = Vault XP percentage of total XP
 D = Non-vault monster count
 E = Vault monster count
 F = Vault count percentage of total count
                 A         B        C        D         E       F
            +---------+---------+-------+---------+---------+-------
      Total |    1682 |     597 |  26.2 |     127 |      11 |   8.0
            +---------+---------+-------+---------+---------+-------
        D:1 |      51 |       0 |   0.0 |      25 |       0 |   0.0
        D:2 |      73 |      37 |  33.6 |      24 |       1 |   4.0
        D:3 |     143 |      63 |  30.6 |      24 |       4 |  14.3
        D:4 |     127 |      10 |   7.3 |       7 |       4 |  36.4
        D:5 |     601 |       0 |   0.0 |      25 |       0 |   0.0
        D:6 |     651 |     487 |  42.8 |      21 |       2 |   8.7
        D:7 |      36 |       0 |   0.0 |       1 |       0 |   0.0
            +---------+---------+-------+---------+---------+-------
